 Dungeon Crawl Stone Soup version 0.17.0-23-g0de4337 (console) character file.

12302 nht the Shatterer (level 11, -7/136 HPs)
             Began as an Ogre Enchanter on Nov 14, 2015.
             Was an Elder of Trog.
             Mangled by a minotaur
             ... wielding the +8 whip "Snakebite" {curare, rPois}
              (15 damage)
             ... in a labyrinth.
             The game lasted 00:24:56 (10525 turns).

nht the Shatterer (Ogre Enchanter)                 Turns: 10525, Time: 00:24:56

Health: -7/136     AC:  7    Str: 23      XL:     11   Next: 91%
Magic:  14/14      EV:  9    Int: 14      God:    Trog [****..]
Gold:   987        SH:  0    Dex:  7 (10) Spells: 0 memorised, 14 levels left

rFire  + . .     SeeInvis .     P - +0 giant spiked club
rCold  + . .     Clarity  .     W - +0 troll leather armour
rNeg   . . .     SustAt   .     (shield currently unavailable)
rPois  +         Gourm    .     (helmet restricted)
rElec  +         Spirit   .     l - +1 cloak
rCorr  +         Warding  .     (gloves unavailable)
rMut   .         Stasis   .     (boots unavailable)
MR     +....                    H - amulet of regeneration
Stlth  ..........               (no ring)
                                r - +4 ring of slaying

@: berserking, lethally poisoned (-7 -> -54), resistant, very quick, somewhat
resistant to hostile enchantments, extremely unstealthy
A: unfitting armour, tough skin 1
a: Berserk, Trog's Hand, Brothers in Arms, Burn Spellbooks, Renounce Religion


You were in a labyrinth.
You worshipped Trog.
Trog was greatly pleased with you.
You were not hungry.

You visited 3 branches of the dungeon, and saw 15 of its levels.
You visited the Abyss 1 time.
You also visited: Labyrinth.

You collected 987 gold pieces.

Inventory:

Hand Weapons
 B - a +0 blowgun
 P - a +0 giant spiked club (weapon)
 R - a +0 blowgun
Missiles
 b - 3 poisoned javelins
 c - 13 curare-tipped needles
 e - 57 poisoned needles
 h - 7 javelins
 j - a tomahawk of returning
 z - 18 tomahawks
 C - 4 large rocks (quivered)
 N - a throwing net
Armour
 l - a +1 cloak (worn)
 J - the +1 robe of Fedhas's Esteem {rPois}
   (You found it on level 7 of the Dungeon)

   It protects you from poison.
 W - a +0 troll leather armour (worn)
Jewellery
 a - an uncursed amulet of the gourmand
 i - an uncursed amulet of stasis
 r - a +4 ring of slaying (left hand)
 H - an amulet of regeneration (around neck)
 I - an uncursed amulet of faith
Wands
 o - a wand of fire (0)
 q - a wand of draining (0)
 w - a wand of polymorph (18)
 y - a wand of enslavement (0)
 F - a wand of flame (22)
 G - a wand of paralysis (8)
 Q - a wand of fireball (3)
 S - a wand of digging (3)
Scrolls
 g - 6 scrolls of remove curse
 t - a scroll of blinking
 v - 3 scrolls of recharging
 E - a scroll of enchant weapon
 M - a scroll of fog
 T - a scroll of fear
 U - 2 scrolls of identify
Potions
 f - 4 potions of curing
 k - a potion of degeneration
 m - 2 potions of flight
 n - a potion of cure mutation
 p - 2 potions of lignification
 u - 3 potions of might
 A - a potion of cancellation
 D - a potion of invisibility
Comestibles
 d - 3 bread rations


   Skills:
 - Level 1.1 Fighting
   Level 0.5 Short Blades
 + Level 21.4 Maces & Flails
 - Level 1.7 Dodging
 - Level 2.4 Stealth
 - Level 2.4 Spellcasting
   Level 2.1 Hexes


You had 14 spell levels left.
You didn't know any spells.

Dungeon Overview and Level Annotations

Branches:
Dungeon (11/15)            Temple (0/1) D:7            Lair (1/8) D:8
    Orc (3/4) D:11
    Elf: Orc:3-4

Altars:
Ashenzari
Cheibriados
Dithmenos
Fedhas
Gozag
Kikubaaqudgha
Makhleb
Ru
Sif Muna
Trog
Vehumet
Xom
Yredelemnul
Zin
The Shining One
Beogh

Annotations:
Lair:1 Harold


Innate Abilities, Weirdness & Mutations

You are too large for most types of armour.
You have tough skin (AC +1).


Message History

You feel sick.
The minotaur hits you with the +8 whip "Snakebite" {curare, rPois}!!
You are more poisoned.
The minotaur gores you but does no damage.
You bludgeon the minotaur!!
The minotaur is almost dead.
You feel sick.
You barely miss the minotaur.
The minotaur is almost dead.
You feel sick.
The minotaur hits you with the +8 whip "Snakebite" {curare, rPois}!!
The minotaur gores you!
You hit the minotaur.
The minotaur is almost dead.
You feel very sick.
The minotaur hits you with the +8 whip "Snakebite" {curare, rPois}!!!
* * * LOW HITPOINT WARNING * * *
You are more poisoned.
The minotaur gores you!
You die... █ █.. █.█ █ . █████

█ ...█ ..█ █.██
██.███
█.........█ .██
█.█████.███
.....█@....█ ..
█...H...█.█ █.██
.....███'███. .
.█ █.███.█ ...█.
██ ..█ .███.. █
.. █ . █ ██ .█.
█.█ <§ ▓ ..█.
█.█ ▓ ≈≈≈▓.█.██
.
█.▓▓▓▓▓▓▓.█...█.
███. ... ... ██
█. ...█ . .█ .
.█


You could see a minotaur.

Vanquished Creatures
  Josephine (D:10)
  Erica (D:9)
  Sonja (Orc:2)
  A hill giant (D:11)
  The ghost of tp1 the Thaumaturge, a novice DECj (D:6)
  A manticore (D:11)
  A gargoyle (D:11)
  A centaur skeleton (D:11)
  A fire drake (D:4)
  3 trolls
  A trapdoor spider zombie (D:11)
  A wyvern (D:10)
  2 hippogriffs
  5 wraiths
  4 hungry ghosts (Lab)
  3 wargs
  A black bear (D:8)
  A phantom (D:10)
  8 orc warriors
  3 sky beasts
  A necrophage (D:6)
  An ice beast (D:5)
  10 ogres
  A wasp (D:9)
  3 crocodiles
  4 big kobolds
  3 centaurs
  8 giant frogs
  A gnoll sergeant (D:8)
  3 scorpions
  A small abomination (Abyss:1)
  3 killer bees (D:7)
  5 crimson imps
  3 hounds
  8 orc priests
  A jelly (D:7)
  2 giant frog zombies
  Natasha (thrice) (D:4)
  6 orc wizards
  A giant frog skeleton (D:11)
  An iguana (D:7)
  6 worker ants
  A killer bee zombie (D:8)
  A hound zombie (D:7)
  A worker ant zombie (D:5)
  2 hound skeletons
  Robin (D:3)
  12 gnolls
  8 adders
  2 shadow imps
  An ooze (D:5)
  5 adder skeletons
  A worm (D:3)
  9 giant geckos
  43 orcs
  A ball python (D:2)
  7 bats
  4 giant cockroaches
  14 goblins
  5 hobgoblins
  13 kobolds
  4 quokkas
  2 giant gecko skeletons
  4 giant newts
  A jackal skeleton (D:5)
  A quokka skeleton (D:7)
  A quokka zombie (D:6)
  4 rats
264 creatures vanquished.

Vanquished Creatures (others)
  A gnoll sergeant (D:11)
1 creature vanquished.

Grand Total: 265 creatures vanquished

Notes
Turn   | Place    | Note
--------------------------------------------------------------
     0 | D:1      | nht the Ogre Enchanter began the quest for the Orb.
     0 | D:1      | Reached XP level 1. HP: 16/16 MP: 3/3
    33 | D:1      | Reached skill level 1 in Fighting
   116 | D:1      | Reached skill level 1 in Maces & Flails
   122 | D:1      | Reached XP level 2. HP: 22/27 MP: 5/5
   974 | D:2      | Found a burning altar of Makhleb.
   974 | D:2      | Found a shimmering altar of Xom.
  1084 | D:2      | Reached skill level 3 in Maces & Flails
  1084 | D:2      | Reached XP level 3. HP: 31/33 MP: 6/6
  1088 | D:2      | Found a snail-covered altar of Cheibriados.
  1091 | D:2      | Found a basalt altar of Yredelemnul.
  1094 | D:2      | Found an opulent altar of Gozag.
  1097 | D:2      | Found a shadowy altar of Dithmenos.
  1608 | D:2      | Found a deep blue altar of Sif Muna.
  1730 | D:3      | Reached skill level 4 in Maces & Flails
  1732 | D:3      | Reached XP level 4. HP: 31/41 MP: 7/7
  1849 | D:3      | Reached skill level 5 in Maces & Flails
  2004 | D:3      | Found an ancient bone altar of Kikubaaqudgha.
  2004 | D:3      | Found a bloodstained altar of Trog.
  2030 | D:3      | Became a worshipper of Trog the Wrathful
  2056 | D:3      | Found a shattered altar of Ashenzari.
  2129 | D:3      | Noticed Robin
  2146 | D:3      | Killed Robin
  2151 | D:3      | Reached XP level 5. HP: 18/48 MP: 8/8
  2504 | D:4      | Noticed Natasha
  2507 | D:4      | Reached skill level 6 in Maces & Flails
  2518 | D:4      | Killed Natasha
  2570 | D:4      | Noticed Natasha
  2576 | D:4      | Killed Natasha
  2576 | D:4      | Reached * piety under Trog
  2582 | D:4      | Noticed an ogre
  2596 | D:4      | Killed an ogre
  2596 | D:4      | Reached skill level 7 in Maces & Flails
  2596 | D:4      | Reached XP level 6. HP: 55/55 MP: 9/9
  2636 | D:4      | Noticed Natasha
  2642 | D:4      | Killed Natasha
  2686 | D:4      | Found a glowing golden altar of the Shining One.
  2710 | D:4      | Noticed Sigmund
  2711 | D:4      | Noticed Sigmund
  2711 | D:4      | Sigmund changed into Sigmund the fire drake
  2719 | D:4      | Killed Sigmund the fire drake
  2719 | D:4      | Reached skill level 9 in Maces & Flails
  2719 | D:4      | Reached XP level 7. HP: 62/62 MP: 10/10
  2852 | D:4      | Found a sacrificial altar of Ru.
  2952 | D:5      | Entered Level 5 of the Dungeon
  3066 | D:5      | Reached skill level 10 in Maces & Flails
  3284 | D:5      | Reached skill level 11 in Maces & Flails
  3284 | D:5      | Reached XP level 8. HP: 53/70 MP: 11/11
  3671 | D:6      | Reached skill level 12 in Maces & Flails
  3720 | D:6      | Reached ** piety under Trog
  3778 | D:6      | Noticed tp1's ghost (novice DECj)
  3785 | D:6      | Killed tp1's ghost
  3785 | D:6      | Reached skill level 13 in Maces & Flails
  3785 | D:6      | Reached XP level 9. HP: 73/76 MP: 12/12
  3984 | D:6      | Reached skill level 14 in Maces & Flails
  4289 | D:6      | Cast into the Abyss (orc)
  4351 | Abyss:1  | Noticed an orange demon
  4360 | Abyss:1  | Noticed a large abomination
  4361 | Abyss:1  | Noticed a rakshasa
  4382 | Abyss:1  | Found a corrupted altar of Lugonu.
  4524 | Abyss:1  | Noticed a hellwing
  4538 | D:6      | Escaped the Abyss
  4614 | D:7      | Found a radiant altar of Vehumet.
  4711 | D:7      | Found a shattered altar of Ashenzari.
  4726 | D:7      | Found a staircase to the Ecumenical Temple.
  4740 | D:7      | Reached skill level 15 in Maces & Flails
  5109 | D:7      | Got a silken robe
  5120 | D:7      | Identified the +1 robe of Fedhas's Esteem {rPois} (You found it on level 7 of the Dungeon)
  5624 | D:8      | Reached skill level 16 in Maces & Flails
  5703 | D:8      | Found a staircase to the Lair.
  5728 | D:8      | Reached XP level 10. HP: 82/84 MP: 13/13
  5937 | D:8      | Found a glowing silver altar of Zin.
  6155 | D:8      | Found a blossoming altar of Fedhas.
  6224 | D:8      | Reached skill level 17 in Maces & Flails
  6277 | D:9      | Noticed Erica
  6295 | D:9      | Killed Erica
  7344 | D:10     | Entered Level 10 of the Dungeon
  7344 | D:10     | Noticed Josephine
  7349 | D:10     | Noticed a hill giant
  7450 | D:10     | Reached *** piety under Trog
  7503 | D:10     | Reached skill level 18 in Maces & Flails
  7687 | D:10     | Killed Josephine
  7687 | D:10     | Reached skill level 19 in Maces & Flails
  7687 | D:10     | Reached XP level 11. HP: 91/91 MP: 14/14
  8137 | D:11     | Killed a hill giant
  8404 | D:11     | Reached skill level 20 in Maces & Flails
  8621 | D:11     | Found a staircase to the Orcish Mines.
  8666 | D:11     | HP: 1/91 [ogre/giant spiked club (21)]
  8911 | Orc:1    | Entered Level 1 of the Orcish Mines
  8963 | Orc:2    | Noticed Sonja
  9056 | Orc:2    | Killed Sonja
  9314 | Orc:1    | Reached skill level 21 in Maces & Flails
  9316 | Orc:1    | Reached **** piety under Trog
  9748 | Orc:1    | Found a roughly hewn altar of Beogh.
  9979 | Orc:3    | Noticed an orc knight
 10128 | Lair:1   | Entered Level 1 of the Lair of Beasts
 10128 | Lair:1   | Noticed Harold
 10191 | Lair:1   | Found a labyrinth entrance.
 10201 | Lab      | Entered a labyrinth
 10515 | Lab      | Noticed a minotaur
 10516 | Lab      | nice
 10525 | Lab      | Mangled by a minotaur

Action                   |  1- 3 |  4- 6 |  7- 9 | 10-12 || total
-------------------------+-------+-------+-------+-------++-------
Melee: Dagger            |   123 |    84 |       |       ||   207
       Giant club        |       |       |   218 |       ||   218
       Giant spiked club |       |       |     2 |   370 ||   372
Throw: Throwing net      |       |     1 |       |       ||     1
       Javelin           |       |       |    14 |    22 ||    36
       Large rock        |       |       |       |     6 ||     6
Invok: Burn Spellbooks   |       |     1 |       |       ||     1
       Berserk           |       |     1 |     2 |     7 ||    10
Evoke: Wand              |       |     1 |       |    16 ||    17
  Use: Potion            |     3 |       |     1 |     7 ||    11
       Scroll            |       |     9 |     6 |     7 ||    22
 Stab: Sleeping          |       |     2 |     3 |     4 ||     9
       Paralysed         |       |       |       |     1 ||     1
  Eat: Chunk             |     2 |     4 |    12 |    25 ||    43
       Beef jerky        |       |       |     1 |       ||     1
       Pizza             |       |       |       |     2 ||     2
       Meat ration       |       |       |       |     1 ||     1
       Bread ration      |       |       |       |     1 ||     1
